 Dungeon Crawl Stone Soup version 0.25-a0-58-g9dd530fc12 (console) character file.

Game seed: 12558379816039638903, levelgen mode: deterministic

298027 utis the Necromancer (level 21, -8/139 HPs)
             Began as a Tengu Necromancer on Oct 26, 2019.
             Killed from afar by a fire giant (45 damage)
             ... with a bolt of fire
             ... on level 1 of the Depths on Oct 27, 2019.
             The game lasted 03:11:46 (55013 turns).

utis the Necromancer (Tengu Necromancer)           Turns: 55013, Time: 03:11:47

Health: -8/139     AC: 28    Str: 19    XL:     21   Next: 32%
Magic:  42/45      EV: 33    Int: 12    God:
Gold:   679        SH:  0    Dex: 26    Spells: 7/40 levels left

rFire    . . .     SeeInvis +   a - +7 pair of quick blades {protect}
rCold    + . .     Gourm    .   (shield currently unavailable)
rNeg     . . .     Faith    .   I - +3 ring mail {rC+}
rPois    .         Spirit   .   Z - +2 hat
rElec    +         Reflect  .   Y - +3 cloak of the Will of the Gods {rElec MR++ MP+9 Int-5}
rCorr    .         Harm     .   p - +2 pair of gloves
MR       +++..                  (boots unavailable)
Stlth    ++........             X - amulet "Uceneadgh" {+Rage +Fly Dex+10 SInv}
HPRegen  0.33/turn              r - ring "Gecea" {+Blink Str+3}
MPRegen  0.29/turn              (no ring)

@: protection aura, flying quickly and evasively, quick
A: beak, talons 3, able to fly
}: 1/15 runes: serpentine
a: Stop Flying, Evoke Blink, Evoke Berserk Rage


You were on level 1 of the Depths.
You were not hungry.

You visited 6 branches of the dungeon, and saw 32 of its levels.
You visited the Abyss 1 time.
You also visited: Gauntlet.

You collected 3201 gold pieces.
You spent 2522 gold pieces at shops.

Inventory:

Hand Weapons
 a - the +7 pair of quick blades "Gyre" and "Gimble" (weapon) {protect}
   (You took it off an orc on level 8 of the Dungeon)

   It grants its wielder temporary protection when it strikes (+7 to AC).
Missiles
 f - 64 poisoned darts
 k - 90 stones (quivered)
 s - 14 atropa-tipped darts
 x - 8 datura-tipped darts
 N - 4 curare-tipped darts {=f}
Armour
 p - a +2 pair of gloves (worn)
 I - a +3 ring mail of cold resistance (worn)
 O - a scarf of cloud immunity
 Y - the +3 cloak of the Will of the Gods (worn) {rElec MR++ MP+9 Int-5}
   (You found it in a Gauntlet)

   It affects your intelligence (-5).
   It insulates you from electricity.
   It affects your resistance to hostile enchantments.
   It affects your magic capacity (+9).
 Z - a +2 hat (worn)
Jewellery
 c - an uncursed ring of ice
 g - an uncursed amulet of regeneration {@e1}
 i - a +5 ring of intelligence
 r - the ring "Gecea" (left hand) {+Blink Str+3}
   (You bought it in a shop on level 4 of the Dungeon)

   [ring of strength]

   It affects your strength (+3).
   It lets you blink.
 C - an uncursed ring of ice
 F - an uncursed ring of fire
 S - an uncursed ring of resist corrosion
 X - the amulet "Uceneadgh" (around neck) {+Rage +Fly Dex+10 SInv}
   (You found it on level 15 of the Dungeon)

   [amulet of rage]

   It affects your dexterity (+10).
   It lets you see invisible.
   It lets you fly.
   It lets you go berserk.
Wands
 u - a wand of acid (22)
 A - a wand of paralysis (35)
 G - a wand of polymorph (8)
 M - a wand of digging (8)
 P - a wand of enslavement (9)
 Q - a wand of flame (41)
 R - a wand of iceblast (20)
 V - a wand of disintegration (38) {@e1}
Scrolls
 d - 11 scrolls of teleportation {@r4}
 j - a scroll of holy word
 m - 11 scrolls of amnesia
 v - a scroll of identify {@r1}
 w - 4 scrolls of blinking
 y - 6 scrolls of magic mapping
 D - 3 scrolls of fog
 E - 21 scrolls of remove curse {@r2}
 H - a scroll of summoning
 K - 6 scrolls of fear
Potions
 b - 8 potions of curing {@q1}
 e - 4 potions of brilliance
 h - 2 potions of resistance
 l - 2 potions of might
 n - 6 potions of cancellation
 o - 6 potions of agility
 q - 8 potions of heal wounds {@q2}
 t - 2 potions of berserk rage {!q}
 z - 2 potions of ambrosia
 B - 4 potions of magic
 J - a potion of haste {@q3}
 U - 3 potions of invisibility
Miscellaneous
 L - a lamp of fire
Comestibles
 T - 21 rations {@e1}


   Skills:
 - Level 17.0 Fighting
 - Level 9.0 Short Blades
   Level 2.7 Staves
 + Level 15.6 Armour
 + Level 16.9 Dodging
 - Level 2.0 Stealth
 - Level 10.0 Spellcasting
 - Level 18.0 Necromancy
 - Level 2.0 Transmutations
 - Level 7.0 Ice Magic
 - Level 4.1 Earth Magic
 - Level 12.0 Evocations


You had 7 spell levels left.
You knew the following spells:

 Your Spells              Type           Power        Failure   Level  Hunger
a - Pain                  Necr           ####         0%          1    None
c - Regeneration          Chrm/Necr      ####......   1%          3    ##.....
d - Animate Dead          Necr           N/A          1%          4    ####...
n - Animate Skeleton      Necr           N/A          0%          1    None
t - Death Channel         Necr           #####.....   1%          6    #######
u - Simulacrum            Ice/Necr       #####.....   16%         6    #######
v - Vampiric Draining     Necr           #####.....   1%          3    ##.....
w - Passwall              Tmut/Erth      ##......     8%          2    None
X - Borgnjor's Vile Clut  Necr/Erth      ####......   4%          5    #####..
Y - Sublimation of Blood  Necr           #####.....   0%          2    None

Your spell library contained the following spells:

 Spells                   Type           Power        Failure   Level  Hunger
 Freeze                   Ice            ###.         1%          1    None
 Throw Frost              Conj/Ice       ##....       6%          2    None
 Beastly Appendage        Tmut           ##....       8%          1    None
 Sticks to Snakes         Tmut           ##......     12%         2    None
 Ozocubu's Armour         Chrm/Ice       ##......     12%         3    ##.....
 Excruciating Wounds      Chrm/Necr      ####......   12%         5    #####..
 Apportation              Tloc           #.....       17%         1    None
 Confusing Touch          Hex            #.....       17%         1    None
 Corona                   Hex            #......      17%         1    None
 Flame Tongue             Conj/Fire      #....        17%         1    None
 Shock                    Conj/Air       #...         17%         1    None
 Summon Small Mammal      Summ           #...         17%         1    None
 Slow                     Hex            #.......     26%         2    None
 Swiftness                Chrm/Air       #.......     26%         2    None
 Throw Flame              Conj/Fire      #.....       26%         2    None
 Ice Form                 Ice/Tmut       ###.....     26%         4    ####...
 Spider Form              Tmut/Pois      #.........   34%         3    ##.....
 Ignite Poison            Fire/Tmut/Pois #.......     36%         3    ##.....
 Summon Ice Beast         Ice/Summ       ##......     38%         4    ####...
 Throw Icicle             Conj/Ice       ##......     38%         4    ####...
 Petrify                  Tmut/Erth      ##......     43%         4    ####...
 Conjure Flame            Conj/Fire      #.......     45%         3    ##.....
 Gell's Gravitas          Tloc           #.........   45%         3    ##.....
 Inner Flame              Hex/Fire       #.......     45%         3    ##.....
 Portal Projectile        Hex/Tloc       #.....       45%         3    ##.....
 Recall                   Summ/Tloc      N/A          45%         3    ##.....
 Static Discharge         Conj/Air       #.......     45%         3    ##.....
 Tukima's Dance           Hex            #.......     45%         3    ##.....
 Airstrike                Air            #.........   86%         4    ####...
 Force Lance              Conj/Tloc      #.......     86%         4    ####...
 Fulminant Prism          Conj/Hex       #.........   86%         4    ####...
 Sticky Flame             Conj/Fire      #.......     86%         4    ####...
 Blade Hands              Tmut           ##........   91%         5    #####..
 Alistair's Intoxication  Tmut/Pois      #.......     97%         5    #####..
 Irradiate                Conj/Tmut      #.........   97%         5    #####..
 Fireball                 Conj/Fire      #.........   99%         5    #####..
 Lightning Bolt           Conj/Air       #.........   99%         5    #####..
 Summon Mana Viper        Hex/Summ       #.......     99%         5    #####..
 Dispersal                Tloc           #.........   100%        6    #######
 Controlled Blink         Tloc           N/A          100%        8    #######
 Disjunction              Tloc           #.........   100%        8    #######


Dungeon Overview and Level Annotations

Branches:
Dungeon (15/15)            Temple (0/1) D:4            Lair (6/6) D:9
 Shoals (0/4) Lair:3        Snake (4/4) Lair:4        Slime (0/5) Lair:5
    Orc (2/2) D:10            Elf (0/3) Orc:2        Vaults (4/5) D:14
  Crypt (0/3) Vaults:3     Depths (1/5) D:15        Gauntlet (visited)

Altars:
Ashenzari
Dithmenos
Hepliaklqana
Kikubaaqudgha
Nemelex Xobeh
Ru
Sif Muna
Uskayaw
Vehumet
Xom
Yredelemnul
The Shining One
Jiyva

Shops:
D:4 =   D:8 }   D:11 (   D:12 }   Orc:2 ([=((}*:!   Vaults:1 :

Annotations:
D:15 Roxanne


Innate Abilities, Weirdness & Mutations

You have a beak for a mouth.
You have claws for feet.
You can fly continuously.


Message History

* * * LOW HITPOINT WARNING * * *
The fireball engulfs your fire dragon zombie!!
The fireball engulfs the fire giant!
The fire giant resists.
The fire giant hits you but does no damage.
You barely miss the fire giant. You claw the fire giant.
You peck the fire giant!
You hit the fire giant but do no damage.
Your skin stops crawling.
Your fire dragon zombie bites the fire giant.
Your fire dragon zombie claws the fire giant.
Your fire dragon zombie tramples the fire giant but does no damage.
You're wearing all the rings you can.
Remove which one? (? for menu, Esc to cancel) < or
r - the ring "Gecea" {+Blink Str+3} > or
i - a +5 ring of intelligence You remove your +5 ring of intelligence.
You feel stupid.
The fire giant gestures at you while chanting.
The bolt of fire hits you!!!
You die...

░░......░.................
░░......░>░.....░..........
.........░....░░...>.......
..............░░...........
...........^.░............
.........................
..............░......░
..............░.ZC...░░░░░..
....░░..........Q░....D.....
...░░░░.........░░░.........
.░.░░...........░░.........C
.░░░.............░..........
................░░..........
..░░░^......................
..░ ░.....░..............^..
..░ ░.....░░..░.............
..░ ░░>...░░░.░░░░░........


You could see a fire giant and a friendly fire dragon zombie.

Vanquished Creatures
  Mennas (Vaults:2)
  Sojobo (Vaults:4)
  Vashnia (Snake:4)
  A lich (Vaults:4)
  Asterion (Vaults:4)
  A sphinx (Vaults:4)
  Gastronok (D:12)
  Kirke (D:13)
  2 tengu reavers (Vaults:4)
  16 nagarajas
  Donald (Vaults:4)
  5 vault wardens
  A draconian knight (Vaults:4)
  2 frost giants
  A deep elf sorcerer (Vaults:3)
  3 very ugly things (Vaults:4)
  9 ironheart preservers
  5 stone giants
  A spriggan defender (Vaults:4)
  An entropy weaver (Vaults:1)
  A deep elf demonologist (Vaults:3)
  A deep elf annihilator (Vaults:3)
  A dire elephant (Lair:6)
  A minotaur (Gauntlet)
  3 deep elf death magi
  3 ettins
  5 fire dragons
  Fannar (D:12)
  2 ice dragons
  8 yaktaur captains
  A great orb of eyes (Vaults:3)
  2 rakshasas
  23 naga warriors
  7 vault guards
  7 hydras
  A death knight (Vaults:2)
  5 anacondas
  A two-headed ogre (shapeshifter) (Vaults:3)
  2 catoblepae
  9 centaur warriors
  36 two-headed ogres
  4 tengu warriors
  A dancing weapon (Vaults:4)
  11 death yaks
  11 ogre magi
  2 deep troll earth magi (Vaults:2)
  3 orc high priests (Orc:2)
  24 naga sharpshooters
  9 deep elf knights
  10 shock serpents
  5 skeletal warriors
  A fire crab (Gauntlet)
  34 slime creatures
  A fire crab (shapeshifter) (Vaults:1)
  2 shadow wraiths
  A salamander mystic (Snake:3)
  6 deep trolls
  A sea snake (Snake:1)
  4 naga ritualists
  3 unseen horrors
  7 ironbrand convokers
  A flayed ghost (Vaults:2)
  18 deep elf magi
  2 wizards
  A shadow dragon zombie (D:15)
  A swamp dragon (Lair:6)
  6 deep elf archers
  3 necromancers
  A phantasmal warrior (D:14)
  4 wolf spiders (Vaults:1)
  A frost giant zombie (Vaults:3)
  8 mana vipers
  3 manticores
  10 orc knights
  3 orc sorcerers (Orc:2)
  A salamander (shapeshifter) (Vaults:2)
  10 cyclopes
  12 salamanders
  15 ugly things
  2 oklob plants (Snake:1)
  A fire giant zombie (Vaults:3)
  A frost giant skeleton (Vaults:3)
  7 guardian serpents
  A fire giant skeleton (D:15)
  3 centaur zombies
  24 black mambas
  2 molten gargoyles (Gauntlet)
  2 torpor snails
  8 elephants
  21 naga magi
  An apocalypse crab (Vaults:4)
  17 vault sentinels
  3 gargoyles
  11 spiny frogs
  5 freezing wraiths
  7 komodo dragons
  27 yaktaurs
  5 rime drakes
  A kobold demonologist (D:14)
  3 efreet
  A human skeleton (Vaults:3)
  5 trolls
  A meliai (shapeshifter) (Vaults:3)
  A tengu conjurer (D:14)
  3 hornets
  10 polar bears
  6 dream sheep
  A raiju (Lair:6)
  An ettin zombie (D:15)
  30 blink frogs
  7 hippogriffs
  2 hippogriffs (shapeshifter)
  A slime creature (shapeshifter) (Vaults:3)
  A raiju (shapeshifter) (Vaults:3)
  A redback (Vaults:1)
  3 wraiths
  A redback (shapeshifter) (Vaults:4)
  3 hogs (D:13)
  52 yaks
  5 fire bats (Gauntlet)
  An ettin skeleton (Vaults:3)
  6 wyverns
  A basilisk (Lair:6)
  4 hungry ghosts
  2 steam dragons (Lair:6)
  13 vampire mosquitoes
  3 soldier ants
  4 wargs (Lair:6)
  3 human simulacra (Vaults:3)
  65 nagas
  4 acid dragons
  13 water moccasins
  3 porcupines
  A floating eye (shapeshifter) (Vaults:4)
  21 orc warriors
  A hornet zombie (D:8)
  19 hell hounds
  An ice beast (D:15)
  13 black bears
  2 eyes of draining
  2 swamp drakes (Lair:6)
  6 sky beasts
  5 phantoms
  A necrophage (D:11)
  12 boggarts
  8 centaurs
  20 wolves
  31 ogres
  6 crocodiles
  4 big kobolds
  A yaktaur zombie (D:15)
  3 human zombies (Vaults:3)
  20 bullfrogs
  2 wyvern zombies
  A wyvern skeleton (D:9)
  A hornet simulacrum (D:15)
  6 scorpions
  A water moccasin skeleton (D:7)
  3 electric eels (Snake:1)
  3 howler monkeys
  2 bullfrog zombies
  3 crimson imps
  A bullfrog skeleton (D:12)
  5 centaur skeletons
  15 orc priests
  7 hounds
  5 jellies
  11 iguanas
  24 orc wizards
  13 worker ants
  A killer bee zombie (D:9)
  3 gnolls (Orc:1)
  13 adders
  4 shadow imps
  An ooze (D:1)
  2 adder skeletons
  A worm (D:3)
  A dart slug (D:4)
  6 leopard geckos
  66 orcs
  5 bats
  3 giant cockroaches
  A goblin (D:1)
  6 hobgoblins
  10 jackals
  3 quokkas
  4 ball pythons
  8 frilled lizards
  A jackal skeleton (D:4)
  A jackal zombie (D:6)
  19 kobolds
  6 rats
  A butterfly (Lair:1)
1270 creatures vanquished.

Vanquished Creatures (collateral kills)
  Agnes (Vaults:4)
  A two-headed ogre (Vaults:4)
  A vault sentinel (Vaults:4)
  3 yaktaurs (Vaults:4)
  A slime creature (Vaults:2)
  A hornet (Vaults:3)
  An ogre (Vaults:4)
  An orc (Vaults:4)
10 creatures vanquished.

Vanquished Creatures (others)
  A fire giant (Depths:1)
  4 humans (D:13)
  15 fungi
  31 plants
51 creatures vanquished.

Grand Total: 1331 creatures vanquished

Notes
Turn   | Place    | Note
-------+----------+-------------------------------------------
     0 | D:1      | utis the Tengu Necromancer began the quest for the Orb.
     0 | D:1      | Reached XP level 1. HP: 10/10 MP: 4/4
   385 | D:1      | Reached XP level 2. HP: 13/16 MP: 1/6
   603 | D:1      | Reached skill level 1 in Fighting
  1080 | D:1      | Reached XP level 3. HP: 20/20 MP: 7/7
  1727 | D:2      | Learned a level 3 spell: Vampiric Draining
  1729 | D:2      | Learned a level 1 spell: Animate Skeleton
  1739 | D:2      | You fall into a shaft and drop 1 floor!
  1899 | D:3      | Noticed an ogre
  1915 | D:3      | Killed an ogre
  1915 | D:3      | Reached skill level 5 in Necromancy
  1915 | D:3      | Reached XP level 4. HP: 23/27 MP: 4/8
  1915 | D:3      | Gained mutation: You can fly continuously. [Tengu growth]
  1915 | D:3      | Reached XP level 5. HP: 27/31 MP: 4/9
  3205 | D:4      | Learned a level 3 spell: Regeneration
  3206 | D:4      | Found Luatont's Jewellery Shop.
  3208 | D:4      | Noticed an ogre
  3241 | D:3      | Killed an ogre
  3241 | D:3      | Reached XP level 6. HP: 30/37 MP: 1/10
  3361 | D:4      | Noticed a phantom
  3362 | D:4      | Noticed a sky beast
  3406 | D:3      | Killed a sky beast
  3406 | D:3      | Reached skill level 6 in Necromancy
  3633 | D:3      | Reached XP level 7. HP: 28/42 MP: 11/11
  3843 | D:3      | Reached skill level 5 in Dodging
  4365 | D:4      | Found a staircase to the Ecumenical Temple.
  4644 | D:4      | Reached skill level 7 in Necromancy
  4868 | D:4      | Reached XP level 8. HP: 39/48 MP: 12/12
  4976 | D:4      | Reached skill level 5 in Fighting
  5318 | D:4      | Found a shadowy altar of Dithmenos.
  6183 | D:5      | Entered Level 5 of the Dungeon
  6279 | D:5      | Identified the +10 rapier "Kyaremm" {freeze, rC+ rN+}
  6647 | D:5      | Reached skill level 8 in Necromancy
  7248 | D:6      | Reached skill level 1 in Short Blades
  7341 | D:6      | Reached XP level 9. HP: 55/55 MP: 13/13
  7376 | D:6      | Reached skill level 1 in Armour
  7758 | D:6      | You are sucked into a shaft and drop 3 floors!
  7770 | D:8      | Found Tuugin's Gadget Shoppe.
  8894 | D:7      | Found a glowing golden altar of the Shining One.
  8895 | D:7      | Found a sacrificial altar of Ru.
  8895 | D:7      | Found a radiant altar of Vehumet.
  8895 | D:7      | Found a shimmering altar of Xom.
  8903 | D:7      | Found a hide-covered altar of Uskayaw.
  8907 | D:7      | Found a hazy altar of Hepliaklqana.
  9703 | D:8      | Reached skill level 5 in Short Blades
  9800 | D:8      | Reached XP level 10. HP: 56/63 MP: 15/15
 10592 | D:8      | Noticed a two-headed ogre
 11009 | D:8      | Killed a two-headed ogre
 11379 | D:8      | Found Tuugin's Gadget Shoppe.
 11778 | D:8      | Found Tuugin's Gadget Shoppe.
 12277 | D:9      | Reached skill level 5 in Armour
 12277 | D:9      | Reached skill level 9 in Necromancy
 12338 | D:9      | Found a staircase to the Lair.
 13183 | D:9      | Killed an unseen horror
 13183 | D:9      | Reached XP level 11. HP: 43/68 MP: 16/16
 13404 | D:10     | Entered Level 10 of the Dungeon
 13720 | D:10     | Found a staircase to the Orcish Mines.
 14083 | D:10     | Found a shimmering altar of Xom.
 14579 | D:10     | Learned a level 4 spell: Animate Dead
 14616 | Lair:1   | Entered Level 1 of the Lair of Beasts
 14917 | Lair:1   | Noticed a four-headed hydra
 15059 | D:9      | Killed a four-headed hydra
 15691 | Lair:2   | Noticed a catoblepas
 15711 | Lair:2   | Killed a catoblepas
 15711 | Lair:2   | Reached skill level 10 in Necromancy
 15714 | Lair:2   | Reached skill level 10 in Dodging
 15858 | Lair:2   | Noticed a seven-headed hydra
 15875 | Lair:2   | Killed a seven-headed hydra
 16067 | Lair:2   | Noticed a death yak
 16099 | Lair:2   | Killed a death yak
 16099 | Lair:2   | Reached XP level 12. HP: 73/76 MP: 17/17
 16865 | Lair:3   | Found a staircase to the Shoals.
 17682 | Lair:3   | Noticed a death yak
 17712 | Lair:3   | Killed a death yak
 17712 | Lair:3   | Reached skill level 11 in Necromancy
 17959 | Lair:3   | Noticed a death yak
 17986 | Lair:3   | Killed a death yak
 18048 | Lair:3   | Noticed a death yak
 18097 | Lair:3   | Noticed a death yak
 18097 | Lair:3   | Noticed a death yak
 18097 | Lair:3   | Noticed a death yak
 18111 | Lair:2   | Killed a death yak
 18111 | Lair:2   | Reached skill level 10 in Fighting
 18330 | Lair:2   | Killed a death yak
 18466 | Lair:2   | Killed a death yak
 18602 | Lair:3   | Killed a death yak
 18866 | Lair:4   | Reached XP level 13. HP: 80/83 MP: 18/18
 19546 | Lair:4   | Found a staircase to the Snake Pit.
 19854 | Lair:4   | Reached skill level 12 in Necromancy
 20537 | Lair:5   | Found a shimmering blue altar of Sif Muna.
 20591 | Lair:5   | Reached skill level 10 in Armour
 20613 | Lair:5   | Found a gate leading to a gauntlet.
 20623 | Gauntlet | Entered a Gauntlet
 20623 | Gauntlet | Found a transporter.
 20623 | Gauntlet | Found a transporter.
 20625 | Gauntlet | Found a transporter.
 20627 | Gauntlet | Found a transporter.
 20639 | Gauntlet | Found a transporter.
 20641 | Gauntlet | Found a transporter.
 20641 | Gauntlet | Noticed a green death
 20661 | Gauntlet | Found a transporter.
 20737 | Gauntlet | Found a transporter.
 20741 | Gauntlet | Found a transporter.
 20752 | Gauntlet | Found a transporter.
 20755 | Gauntlet | Found a transporter.
 20766 | Gauntlet | Found a transporter.
 21400 | Gauntlet | Got a brightly glowing cloak
 21411 | Gauntlet | Identified the +3 cloak of the Will of the Gods {rElec MR++
                  | MP+9 Int-5} (You found it in a Gauntlet)
 21799 | Gauntlet | Identified the +9 quarterstaff "Doboy" {vamp, Fragile rC+
                  | Str+3}
 21799 | Gauntlet | Noticed a minotaur
 21830 | Gauntlet | Killed a minotaur
 21844 | Gauntlet | Identified Deypn's Incunabulum of Beguiling
 21856 | Gauntlet | Identified Rumir's Volume of Unholy Magic
 21861 | Gauntlet | Identified Wej Cagh's Compendium of Transmigration
 21870 | Gauntlet | Learned a level 2 spell: Passwall
 21873 | Gauntlet | Learned a level 2 spell: Sublimation of Blood
 22188 | Lair:5   | Found a viscous altar of Jiyva.
 22198 | Lair:5   | Found a staircase to the Slime Pits.
 22491 | Lair:5   | Reached skill level 1 in Earth Magic
 23048 | Lair:6   | Entered Level 6 of the Lair of Beasts
 23239 | Lair:6   | Reached XP level 14. HP: 90/90 MP: 21/21
 23373 | Lair:6   | Reached skill level 13 in Necromancy
 23577 | Lair:6   | Reached skill level 5 in Spellcasting
 23968 | Lair:6   | Learned a level 5 spell: Borgnjor's Vile Clutch
 24282 | Lair:6   | Reached skill level 1 in Transmutations
 24531 | Lair:6   | Reached skill level 14 in Necromancy
 25189 | Lair:6   | Noticed a dire elephant
 25223 | Lair:6   | Killed a dire elephant
 25223 | Lair:6   | Reached skill level 1 in Evocations
 26076 | Lair:4   | Reached XP level 15. HP: 95/95 MP: 25/25
 26395 | D:4      | Bought the ring "Gecea" {+Blink Str+3} for 297 gold pieces
 26543 | Orc:1    | Entered Level 1 of the Orcish Mines
 26794 | Orc:2    | Entered Level 2 of the Orcish Mines
 26794 | Orc:2    | Found Feuck's Armour Shoppe.
 26794 | Orc:2    | Found Ipnyjampe's Antique Weapon Shop.
 26888 | Orc:2    | hm
 26947 | Orc:2    | Found Epauth's Antique Weapon Shoppe.
 27337 | Orc:2    | Reached skill level 1 in Staves
 27351 | Orc:2    | Found Hynazinn's Distillery.
 27354 | Orc:2    | Found Bayton's Book Shop.
 27359 | Orc:2    | Bought a potion of heal wounds for 90 gold pieces
 27359 | Orc:2    | Bought a potion of haste for 180 gold pieces
 27359 | Orc:2    | Bought a potion of magic for 144 gold pieces
 27359 | Orc:2    | Bought a potion of brilliance for 72 gold pieces
 27359 | Orc:2    | Bought a potion of curing for 54 gold pieces
 27359 | Orc:2    | Bought a potion of curing for 54 gold pieces
 27450 | Orc:2    | Reached skill level 15 in Necromancy
 27614 | Orc:2    | Reached skill level 5 in Evocations
 27646 | Orc:2    | Found Woesiawk's Assorted Antiques.
 27646 | Orc:2    | Found Sussomm's Jewellery Emporium.
 27648 | Orc:2    | Found Suwkott's Gadget Shop.
 27648 | Orc:2    | Found Wuciwuge's Antique Weapon Emporium.
 27654 | Orc:2    | Bought 2 potions of heal wounds for 300 gold pieces
 27731 | Orc:2    | Found a staircase to the Elven Halls.
 27901 | Orc:2    | Bought a glowing demon whip for 396 gold pieces
 27944 | Orc:2    | Bought a runed dagger for 155 gold pieces
 28038 | D:11     | Found Momomeav's Weapon Shoppe.
 28732 | D:11     | doh
 28732 | D:11     | Identified a scroll of acquirement
 28830 | D:12     | Found a sparkling altar of Nemelex Xobeh.
 29139 | D:12     | Noticed Gastronok
 29152 | D:12     | Killed Gastronok
 29231 | D:12     | You are sucked into a shaft and drop 2 floors!
 29862 | D:14     | Found a gate to the Vaults.
 30537 | D:13     | Noticed Kirke
 30545 | D:13     | Noticed a sphinx
 30561 | D:13     | Killed Kirke
 31115 | D:13     | Reached XP level 16. HP: 101/101 MP: 26/26
 31694 | D:12     | Noticed Fannar
 31725 | D:12     | Killed Fannar
 31772 | D:12     | Found Iplou's Gadget Emporium.
 31932 | D:15     | Entered Level 15 of the Dungeon
 32467 | D:15     | Found a staircase to the Depths.
 33322 | D:15     | Got a brightly glowing bone amulet
 33635 | D:15     | Noticed Roxanne
 34017 | Snake:1  | Entered Level 1 of the Snake Pit
 35003 | Snake:1  | Identified the amulet "Uceneadgh" {+Rage +Fly Dex+10 SInv}
                  | (You found it on level 15 of the Dungeon)
 35798 | Snake:2  | Noticed a nagaraja
 36127 | Snake:2  | Killed a nagaraja
 36127 | Snake:2  | Reached XP level 17. HP: 70/109 MP: 27/27
 36201 | Snake:2  | Identified the +5 arbalest of Manusku {venom, SInv}
 36655 | Snake:2  | Reached skill level 15 in Dodging
 38755 | Snake:4  | Entered Level 4 of the Snake Pit
 39054 | Snake:4  | Noticed Vashnia
 39079 | Snake:4  | Killed Vashnia
 40005 | Snake:4  | Got an ichor-stained hat
 40047 | Snake:4  | Identified the +0 hat "Basautweikh" {+Fly Str+3 Int+4} (You
                  | acquired it on level 4 of the Snake Pit)
 40425 | Snake:4  | Reached skill level 16 in Necromancy
 40677 | Snake:4  | Reached XP level 18. HP: 117/117 MP: 28/28
 42697 | Snake:4  | Reached skill level 15 in Armour
 42765 | Snake:4  | Reached skill level 15 in Fighting
 44027 | Snake:4  | Got a serpentine rune of Zot
 44415 | Vaults:1 | Entered Level 1 of the Vaults
 45239 | Vaults:1 | Reached skill level 10 in Evocations
 45394 | Vaults:1 | Found Xef Uhun's Book Shop.
 45654 | Vaults:1 | Reached XP level 19. HP: 121/125 MP: 29/29
 47627 | Orc:2    | Bought a book of Unlife for 780 gold pieces
 47634 | Orc:2    | Learned a level 6 spell: Death Channel
 48402 | Vaults:2 | Noticed Mennas
 48417 | Vaults:2 | Killed Mennas
 49215 | Vaults:3 | Found a staircase to the Crypt.
 49215 | Vaults:3 | Found a basalt altar of Yredelemnul.
 49216 | Vaults:3 | Found an ancient bone altar of Kikubaaqudgha.
 49429 | Vaults:3 | Learned a level 6 spell: Simulacrum
 49491 | Vaults:3 | Reached skill level 1 in Ice Magic
 49885 | Vaults:3 | Reached XP level 20. HP: 134/134 MP: 33/33
 51115 | Vaults:3 | Reached skill level 17 in Necromancy
 51124 | Vaults:3 | Reached skill level 5 in Ice Magic
 52011 | Vaults:3 | oh
 53102 | Vaults:4 | Noticed Sojobo
 53132 | Vaults:4 | d'oh
 53149 | Vaults:4 | Killed Sojobo
 53180 | Vaults:4 | Noticed Donald
 53189 | Vaults:4 | Killed Donald
 53394 | Vaults:4 | Reached XP level 21. HP: 139/139 MP: 35/35
 53474 | Vaults:4 | Noticed Agnes
 53487 | Vaults:4 | Killed Agnes
 53490 | Vaults:4 | Noticed Asterion
 53507 | Vaults:4 | Cast into level 4 of the Abyss (red draconian knight)
 53508 | Abyss:4  | shit
 53543 | Vaults:4 | Escaped the Abyss
 53792 | Vaults:4 | Reached skill level 18 in Necromancy
 54009 | Vaults:4 | Reached skill level 10 in Spellcasting
 54172 | Vaults:4 | Killed Asterion
 54689 | Depths:1 | Entered Level 1 of the Depths
 54894 | Depths:1 | Found a shattered altar of Ashenzari.
 55013 | Depths:1 | Killed from afar by a fire giant

Levels and vault maps discovered:
D:1:      onia_arrival_mini_spirals, layout_rooms
D:2:      layout_basic
D:3:      layout_basic, first_ration, palyth_stone_intersect
D:4:      cheibrodos_barr_body, layout_basic, minmay_temple_entry_waves,
          serial_shops, nicolae_shop_statue_plus,
          grunt_dithmenos_smoke_and_mirrors
D:5:      layout_cave_pools
D:6:      layout_basic, minmay_circle_x
D:7:      layout_basic, minmay_overflow_temple_hex
D:8:      minmay_octagon_keep, layout_basic, serial_shops, shop
D:9:      layout_small_grid, lair_entry_dummy
D:10:     layout_loops_ring, orc_0_dummy, basic_altar,
          hangedman_pestilent_swarm, chequers_serial_rivers_room_a
D:11:     layout_loops_ring, serial_shops, shop
D:12:     layout_roguey, serial_shops, nicolae_shop_behind_doors,
          nemelex_xobeh_ov_fountains_minmay, uniq_gastronok, uniq_fannar
D:13:     layout_rooms, uniq_kirke
D:14:     layout_cave_pools, skrybe_vaults_entry_preservation, serial_bayou,
          serial_bayou_pond_a, serial_bayou_ford_a, serial_bayou_shore_b,
          serial_bayou_lagoon_a, chequers_serial_rivers_micro_d
D:15:     gammafunk_depths_entry_grave, layout_rooms, small_statue_intersection,
          chequers_serial_rivers_micro_b, uniq_roxanne
Lair:1:   layout_roguey, lemuel_fruit_fields
Lair:2:   layout_concentric_octagons, grunt_megastairs_4
Lair:3:   layout_hall_layers, shoals_dummy_entry, beast_lair_carwin_7,
          serial_bayou_shore_b
Lair:4:   layout_roguey, guppyfry_snake_entry_island, grunt_megastairs_2
Lair:5:   layout_regular_city, slime_altar_1, basic_altar,
          gauntlet_entry_generic, kilobyte_rumbling_trees
Lair:6:   hangedman_lair_caniforms_friends, layout_cave_pods,
          guppyfry_lair_end_dragon, serial_bayou_pond_d, minmay_shattered_shrine
Snake:1:  dpeg_oklob_gauntlet, layout_onion, grunt_ministairs_9,
          serial_bayou_shore_a
Snake:2:  layout_misc_corridors, hangedman_snake_pattern, guppyfry_library_mini,
          grunt_megastairs_5
Snake:3:  layout_rooms, nicolae_snake_shapes
Snake:4:  grunt_snake_rune_spirals, layout_onion_interference, uniq_vashnia
Orc:1:    layout_caves
Orc:2:    grunt_orc_tribal_feast, layout_caves, serial_shops,
          nicolae_shop_behind_doors, shop_fountains, shop, shop, shop
Vaults:1: nicolae_vaults_shelves_hall, v_pattern_4, v_misc_1,
          nicolae_vaults_triangles, vaults_room_pools, hangedman_vaults_nails,
          nicolae_vaults_yaktaur_gun_rack, layout_vaults_omnigrid, serial_shops,
          nicolae_shop_behind_doors
Vaults:2: v_misc_4, vaults_standard_mumra_enter_the_diamond,
          nicolae_vaults_angled_halls, nicolae_vaults_mini_display_case,
          v_misc_18, v_misc_3, layout_vaults_chaotic_city, uniq_mennas
Vaults:3: vaults_dpeg_doors, v_misc_12, vaults_room_guarded_vault,
          grunt_vaults_trifunnel, ontoclasm_vaults_decontamination,
          nicolae_vaults_network_barrier, grunt_vaults_swirl,
          minmay_crypt_entry_necro_gods, nicolae_vaults_little_squares_1,
          v_misc_3, vaults_mumra_minichess_inversion,
          hangedman_vaults_stretched_pinwheel, ontoclasm_vaults_ligature,
          vaults_room_grid, vaults_room_stairs_pillars, layout_vaults_omnibox
Vaults:4: vaults_room_semicircle, ontoclasm_vaults_misaligned,
          ontoclasm_vaults_fault, ontoclasm_vaults_misaligned,
          vaults_room_octagon, sword_in_stone, nicolae_vaults_puzzle_piece,
          hangedman_vaults_stagger, v_misc_26, v_misc_8, v_pattern_1,
          nicolae_vaults_alarming, layout_vaults_maze, uniq_sojobo, uniq_donald
Depths:1: layout_cave_pools, lightli_too_deep, hangedman_abyss_or_decor_stagger,
          grunt_pan_entry_spiral, st_stairs_14, kennysheep_cluttered_room,
          ashenzari_altar_1, serial_bayou_shore_b

Skill      XL: |  1  2  3  4  5  6  7  8  9 10 11 12 13 14 15 16 17 18 19 20 21 |
---------------+----------------------------------------------------------------+-----
Fighting       | 1 2 3 4 6 7 8 9 10 11 12 13 14 16 17 | 17.0
Dodging        | 3 4 6 7 8 9 10 11 12 13 14 15 16 | 16.9
Necromancy     | 5 6 7 8 9 10 11 12 14 15 16 17 18 | 18.0
Short Blades   | 1 5 8 9 |  9.0
Armour         | 3 5 7 9 10 11 13 14 15 | 15.6
Spellcasting   | 3 4 6 8 9 10 | 10.0
Earth Magic    | 2 4 |  4.1
Transmutations | 2 |  2.0
Evocations     | 3 6 8 10 12 | 12.0
Staves         | 2 |  2.7
Ice Magic      | 2 7 |  7.0
Stealth        | |  2.0

Action                   |  1- 3 |  4- 6 |  7- 9 | 10-12 | 13-15 | 16-18 | 19-21 || total
-------------------------+-------+-------+-------+-------+-------+-------+-------++-------
Melee: Unarmed           |     4 |       |       |       |       |       |       ||     4
       Kick              |     8 |    20 |    89 |   190 |   623 |  1219 |  1084 ||  3233
       Peck              |     4 |    15 |    48 |   125 |   411 |   773 |   722 ||  2098
       Dagger            |    23 |   104 |       |       |       |       |       ||   127
       Club              |     9 |       |       |       |       |       |       ||     9
       Quarterstaff      |       |       |   234 |       |       |       |       ||   234
       Rapier            |       |       |   133 |   113 |       |       |       ||   246
       Pair of quick bla |       |       |       |   472 |  1743 |  2235 |  1731 ||  6181
Throw: Stone             |     8 |     6 |    16 |    23 |    21 |    85 |    41 ||   200
       Dart              |       |       |       |     4 |     7 |       |       ||    11
 Cast: Pain              |    46 |    16 |       |       |       |       |       ||    62
       Vampiric Draining |       |     5 |    22 |    26 |    17 |     9 |     1 ||    80
       Regeneration      |       |       |       |       |    39 |   143 |    68 ||   250
       Borgnjor's Vile C |       |       |       |       |     1 |     3 |       ||     4
       Animate Dead      |       |       |       |       |       |     1 |    14 ||    15
       Passwall          |       |       |       |       |       |     1 |       ||     1
       Death Channel     |       |       |       |       |       |       |    17 ||    17
 Abil: Fly               |       |     1 |       |       |       |       |     1 ||     2
       Evoke Blink       |       |       |       |       |       |     3 |     1 ||     4
       Stop Flying       |       |       |       |       |       |       |     1 ||     1
Evoke: Wand              |       |       |       |       |       |     6 |     7 ||    13
       Lamp of fire      |       |       |       |       |       |       |     1 ||     1
  Use: Scroll            |     3 |     1 |     5 |     4 |    14 |    11 |     4 ||    42
       Potion            |       |       |     1 |       |     3 |     4 |     6 ||    14
 Stab: Sleeping          |     1 |       |       |       |     1 |     2 |     3 ||     7
       Distracted        |       |       |       |       |       |     1 |     7 ||     8
       Paralysed         |       |       |       |       |       |       |     3 ||     3
  Eat: Chunk             |     4 |     4 |    15 |    17 |    34 |    19 |    29 ||   122
       Ration            |       |     1 |     2 |     4 |     2 |    12 |     4 ||    25
Armor: Robe              |     6 |       |       |       |       |       |       ||     6
       Ring mail         |     8 |    42 |    67 |    48 |   169 |   249 |   130 ||   713
Dodge: Dodged            |    30 |    71 |   314 |   256 |   732 |  1019 |   699 ||  3121

Table legend:
 A = Non-vault XP
 B = Vault XP
 C = Vault XP percentage of total XP
 D = Non-vault monster count
 E = Vault monster count
 F = Vault count percentage of total count
                 A         B        C        D         E       F
            +---------+---------+-------+---------+---------+-------
      Total |  287788 |  237281 |  45.2 |     854 |     426 |  33.3
            +---------+---------+-------+---------+---------+-------
        D:1 |      42 |       0 |   0.0 |      24 |       0 |   0.0
        D:2 |      19 |       0 |   0.0 |       5 |       0 |   0.0
        D:3 |     899 |       0 |   0.0 |      34 |       0 |   0.0
        D:4 |     462 |     401 |  46.5 |      13 |      10 |  43.5
        D:5 |     274 |       0 |   0.0 |      15 |       0 |   0.0
        D:6 |    1005 |     240 |  19.3 |      23 |       3 |  11.5
        D:7 |     862 |       0 |   0.0 |      18 |       0 |   0.0
        D:8 |    1359 |    1548 |  53.3 |      29 |       9 |  23.7
        D:9 |    3734 |       0 |   0.0 |      23 |       0 |   0.0
       D:10 |    1843 |     756 |  29.1 |      24 |       4 |  14.3
       D:11 |    2321 |       0 |   0.0 |      10 |       0 |   0.0
       D:12 |    1784 |    3308 |  65.0 |      17 |       2 |  10.5
       D:13 |   14169 |    2786 |  16.4 |      51 |       4 |   7.3
       D:14 |   18626 |    5736 |  23.5 |      57 |      11 |  16.2
       D:15 |   13543 |    4652 |  25.6 |      36 |       7 |  16.3
     Lair:1 |    1822 |       0 |   0.0 |       8 |       0 |   0.0
     Lair:2 |    5313 |     967 |  15.4 |       9 |       1 |  10.0
     Lair:3 |    7536 |    1218 |  13.9 |      20 |      12 |  37.5
     Lair:4 |    8897 |    2065 |  18.8 |      26 |       9 |  25.7
     Lair:5 |    3165 |    1018 |  24.3 |      12 |       7 |  36.8
     Lair:6 |   15766 |   18702 |  54.3 |      57 |      79 |  58.1
    Snake:1 |   10235 |    1676 |  14.1 |      23 |       3 |  11.5
    Snake:2 |   17393 |   10796 |  38.3 |      28 |      16 |  36.4
    Snake:3 |   11596 |    1280 |   9.9 |      22 |       2 |   8.3
    Snake:4 |   16710 |   68219 |  80.3 |      32 |      95 |  74.8
      Orc:1 |     775 |       0 |   0.0 |      13 |       0 |   0.0
      Orc:2 |     788 |    7786 |  90.8 |       8 |      30 |  78.9
   Vaults:1 |   25654 |    9587 |  27.2 |      55 |      14 |  20.3
   Vaults:2 |   21420 |   19866 |  48.1 |      42 |      19 |  31.1
   Vaults:3 |   38367 |   41074 |  51.7 |      59 |      53 |  47.3
   Vaults:4 |   38191 |   25678 |  40.2 |      58 |      18 |  23.7
   Depths:1 |    2441 |    1689 |  40.9 |       2 |       1 |  33.3
   Gauntlet |     777 |    6233 |  88.9 |       1 |      17 |  94.4
            +---------+---------+-------+---------+---------+-------
